 Dungeon Crawl Stone Soup version 0.32-a0-290-g598725c5f2 (webtiles) character file.

Game seed: 5050886861142504670

220080 croobank the Dealer of Despair (level 18, -1/93 HPs)
             Began as a Felid Summoner on Feb 13, 2024.
             Was an Elder of Kikubaaqudgha.
             Slain by an azure jelly (5 damage)
             ... on level 2 of the Pits of Slime.
             The game lasted 03:00:13 (40198 turns).

croobank the Dealer of Despair (Felid Summoner)    Turns: 40198, Time: 03:00:14

Health: -1/93      AC:  3    Str:  6    XL:     18   Next: 46%
Magic:  18/35      EV: 23    Int: 37    God:    Kikubaaqudgha [****..]
Gold:   1621       SH:  0    Dex: 17    Spells: 4/41 levels left
                                        Lives:  0   Deaths: 5

rFire   . . .        (weapon unavailable)
rCold   + . .        (shield unavailable)
rNeg    . . .        (body armour unavailable)
rPois   .            (helmet unavailable)
rElec   .            (cloak unavailable)
rCorr   .            (gloves unavailable)
SInv    +            (boots unavailable)
Will    +++..        v - amulet of the Elephant {Acrobat Will+ Regen+}
Stlth   +++++        S - +6 ring of intelligence
HPRegen 1.15/turn    p - +6 ring of intelligence
MPRegen 0.24/turn

%: acrobat
@: death channelling, animating dead
A: very small, claws 1, fangs 3, see invisible, shaggy fur 3, stealthy paws, no
weapons or thrown items, no armour, multi-lived
}: 1/15 runes: gossamer
a: Renounce Religion, Unearth Wretches


You were on level 2 of the Pits of Slime.
You worshipped Kikubaaqudgha.
Kikubaaqudgha was greatly pleased with you.
You visited 6 branches of the dungeon, and saw 29 of its levels.
You also visited: Ice Cave.

You collected 3112 gold pieces.
You spent 1491 gold pieces at shops.

Inventory:

Jewellery
 f - a ring of wizardry
 h - the ring "Voker" {Ice Will+ Str+4 Int-5}
   (You found it in an ice cave)

   [ring of ice]

   Ice:       It enhances your ice magic.
   Str+4:     It affects your strength (+4).
   Int-5:     It affects your intelligence (-5).
   rF-:       It makes you vulnerable to fire.
   rC+:       It protects you from cold.
   Will+:     It increases your willpower.
 m - a +6 ring of dexterity
 p - a +6 ring of intelligence (right paw)
 q - a ring of protection from fire
 t - a ring of fire
 v - the amulet of the Elephant (around neck) {Acrobat Will+ Regen+}
   (You acquired it on level 6 of the Dungeon)

   [amulet of the acrobat]

   Acrobat:   It increases your evasion while moving and waiting.
   Will+:     It increases your willpower.
   Regen+:    It increases your rate of health regeneration.
 y - a ring of positive energy
 B - a +6 ring of strength
 C - a ring of poison resistance
 D - a +6 ring of strength
 E - a ring of flight
 G - an amulet of magic regeneration
 L - a ring of magical power
 M - the ring "Ontohow" {rF- Str+4 Int+3 SInv}
   (You found it on level 5 of the Lair of Beasts)

   [ring of see invisible]

   Str+4:     It affects your strength (+4).
   Int+3:     It affects your intelligence (+3).
   rF-:       It makes you vulnerable to fire.
   SInv:      It lets you see invisible.
 S - a +6 ring of intelligence (left paw)
 T - a ring of magical power
 U - a +5 ring of evasion
Wands
 g - a wand of charming (18)
 l - a wand of roots (29)
 o - a wand of flame (72)
 z - a wand of polymorph (5)
 O - a wand of digging (1)
Scrolls
 a - 3 scrolls of blinking
 d - a scroll of poison
 i - 2 scrolls of teleportation
 s - 3 scrolls of silence
 x - 3 scrolls of amnesia
 J - 3 scrolls of fog
 K - 4 scrolls of vulnerability
 N - 5 scrolls of revelation
 R - a scroll of fear
Potions
 b - 4 potions of attraction
 c - 3 potions of might
 e - a potion of mutation
 r - a potion of berserk rage
 w - 5 potions of brilliance
 A - 6 potions of enlightenment
 F - 4 potions of ambrosia
 H - 4 potions of lignification
 I - 2 potions of resistance
 P - 2 potions of haste
Miscellaneous
 j - a box of beasts
 n - a phantom mirror
 Q - a condenser vane


   Skills:
 - Level 10.0 Fighting
 - Level 10.0 Dodging
 - Level 10.0 Stealth
 - Level 12.0 Spellcasting
 - Level 5.0 Hexes
 - Level 14.0 Summonings
 + Level 21.8 Necromancy
 - Level 3.0 Translocations
 - Level 5.0 Fire Magic
 - Level 7.0 Air Magic


You had 4 spell levels left.
You knew the following spells:

 Your Spells              Type           Power      Damage    Failure   Level
b - Call Imp              Summ           100%       N/A       0%          2
c - Call Canine Familiar  Summ           90%        N/A       0%          3
d - Summon Blazeheart Go  Fire/Summ      75%        N/A       1%          4
e - Summon Lightning Spi  Summ/Air       79%        N/A       1%          4
A - Animate Dead          Necr           100%       N/A       0%          4
B - Blink                 Tloc           88%        N/A       1%          2
D - Death Channel         Necr           55%        N/A       1%          6
I - Infestation           Necr           55%        N/A       1%          8
N - Anguish               Hex/Necr       44%        N/A       1%          4

Your spell library contained the following spells:

 Spells                   Type           Power      Damage    Failure   Level
 Summon Small Mammal      Summ           100%       N/A       0%          1
 Sublimation of Blood     Necr           100%       N/A       0%          2
 Fugue of the Fallen      Necr           100%       N/A       0%          3
 Vampiric Draining        Necr           100%       2d13      0%          3
 Martyr's Knell           Necr/Summ      100%       N/A       0%          4
 Apportation              Tloc           88%        N/A       1%          1
 Kiss of Death            Conj/Necr      100%       2d13      1%          1
 Magic Dart               Conj           88%        1d7       1%          1
 Slow                     Hex            100%       N/A       1%          1
 Cigotuvi's Dreadful Rot  Necr/Alch/Air  100%       N/A       1%          2
 Ensorcelled Hibernation  Hex/Ice        80%        N/A       1%          2
 Jinxbite                 Hex            100%       N/A       1%          2
 Scorch                   Fire           100%       2d9       1%          2
 Confusing Touch          Hex            56%        N/A       1%          3
 Dazzling Flash           Conj/Hex       80%        N/A       1%          3
 Gell's Gravitas          Tloc           44%        N/A       1%          3
 Sigil of Binding         Hex            56%        N/A       1%          3
 Teleport Other           Tloc           44%        N/A       1%          3
 Tukima's Dance           Hex            56%        N/A       1%          3
 Volatile Blastmotes      Fire/Tloc      100%       2d18      1%          3
 Stone Arrow              Conj/Erth      44%        3d9       5%          3
 Flame Wave               Conj/Fire      40%        2d11      6%          4
 Iskenderun's Mystic Bla  Conj/Tloc      33%        2d8       10%         4
 Curse of Agony           Necr           100%       N/A       0%          5
 Borgnjor's Vile Clutch   Necr/Erth      40%        N/A       1%          5
 Summon Cactus Giant      Summ           45%        N/A       1%          6
 Haunt                    Necr/Summ      50%        N/A       1%          7
 Borgnjor's Revivificati  Necr           55%        N/A       1%          8
 Summon Hydra             Summ           45%        N/A       4%          7
 Death's Door             Necr           55%        N/A       22%         9
 Alistair's Intoxication  Alch           14%        N/A       43%         5
 Dispersal                Tloc           22%        N/A       61%         6
 Starburst                Conj/Fire      20%        6d7       67%         6
 Lehudib's Crystal Spear  Conj/Erth      11%        10d4      100%        8
 Maxwell's Capacitive Co  Air            32%        ∞         100%        8
 Animate Armour           Summ/Erth      Unusable   N/A       N/A         4
 Dimensional Bullseye     Hex/Tloc       Unusable   N/A       N/A         4

Dungeon Overview and Level Annotations

Branches:
Dungeon (15/15)            Temple (1/1) D:4            Lair (5/5) D:11
 Shoals (0/4) Lair:3       Spider (4/4) Lair:2        Slime (2/5) Lair:4
    Orc (2/2) D:11            Elf (0/3) Orc:2        Vaults (0/5) D:14
 Depths (0/4) D:15          IceCv (visited)

Altars:
Ashenzari
Cheibriados
Dithmenos
Elyvilon
Fedhas
Gozag
Hepliaklqana
Kikubaaqudgha
Makhleb
Nemelex Xobeh
Okawaru
Qazlal
Sif Muna
Trog
Uskayaw
Vehumet
Wu Jian
Xom
Zin
The Shining One
Beogh
Lugonu

Shops:
D:8 :   D:10 :   Orc:2 :*([

Annotations:
D:15 3 runed translucent doors, yleetSyT's ghost, adept NaBr


Innate Abilities, Weirdness & Mutations

You have sharp claws.
You have razor-sharp teeth.
You have supernaturally acute eyesight. (SInv)
Your thick and shaggy fur keeps you warm. (AC +3, rC+)
Your paws help you pounce on unaware monsters.
You are incapable of wielding weapons or throwing items.
You cannot wear armour.
You gain extra lives every three experience levels.


Message History

A great orb of eyes comes into view.
The great orb of eyes turns its gaze towards you.
Kikubaaqudgha calls piteous wretches from the earth!
You can no longer invoke torment.
An acid blob comes into view.
The acid blob quivers.
A nearby slime creature perishes wretchedly.
A nearby acid blob perishes wretchedly.
A nearby slime creature perishes wretchedly.
The dead are walking! x3; The azure jelly hits you.
The azure jelly freezes you! You resist. The azure jelly hits you!
The azure jelly freezes you!! You resist. The azure jelly misses you.
The azure jelly completely misses you.
Your acid blob zombie hits the azure jelly!
The azure jelly attacks as it pursues you!
The azure jelly completely misses you. x2; The azure jelly barely misses you.
The azure jelly completely misses you.
Your spectral acid blob hits the azure jelly!
Your spectral acid blob drains the azure jelly.
The azure jelly misses you. The azure jelly hits you.
The azure jelly freezes you! You resist.
* * * LOW HITPOINT WARNING * * *
The azure jelly hits you.
* * * LOW HITPOINT WARNING * * *
The azure jelly barely misses you.
You pounce on the unaware helpless acid blob!
You mangle the acid blob!!
You kill the acid blob!
That felt strangely unrewarding.
The dead are walking!
A glowing mist starts to gather...
Your slime creature zombie hits the azure jelly!
Your spectral acid blob hits the azure jelly!
Your spectral acid blob drains the azure jelly.
Your slime creature zombie hits the azure jelly.
The azure jelly barely misses you. The azure jelly hits you.
* * * LOW HITPOINT WARNING * * *
The azure jelly freezes you. You resist.
* * * LOW HITPOINT WARNING * * *
The azure jelly barely misses you. The azure jelly hits you.
You die...
Kikubaaqudgha rasps: You have failed me!
Welcome... death!

.............
............
...........#
...........##
#....Z......#
.....Z.ZZZZ# .##
.......ZZZ###...#
.......ZJ.......#
.^.#..G..@......#
.......#.Z.......
.......J.........
........Z..>.<...
#.##.............
## #.............
##............
#............


You could see an acid blob (ally target), an azure jelly (drained, ally target),
a great orb of eyes (paralysed), 3 friendly spectral acid blobs, 3 friendly
spectral slime creatures, 3 friendly acid blob zombies and 3 friendly slime
creature zombies.

Vanquished Creatures
  Bai Suzhen (Spider:3)
  Rupert (D:15)
  2 acid blobs (Slime:2)
  2 azure jellies (IceCv)
  A rockslime (Slime:1)
  A frost giant (D:15)
  2 emperor scorpions
  4 ghost moths
  2 orc warlords (Orc:2)
  3 broodmothers
  A minotaur (Lair:5)
  A spark wasp (Spider:1)
  Snorg (D:14)
  The ghost of Bravepunisher the Demolition Spriggan, a journeyman SpMo of Makhleb (Lair:4)
  Harold (Lair:1)
  3 vault guards (D:14)
  4 hydras
  A rakshasa (D:14)
  A radroach (Spider:1)
  A jorogumo (Spider:3)
  A centaur warrior (D:14)
  2 tengu warriors (D:15)
  6 death yaks
  6 two-headed ogres
  3 boulder beetles
  5 demonic crawlers
  A pharaoh ant (Spider:3)
  A sea snake (Lair:5)
  2 skysharks
  A steelbarb worm (Spider:2)
  3 orc knights (Orc:2)
  2 deep elf pyromancers (D:14)
  4 ugly things
  3 orc sorcerers (Orc:2)
  3 cyclopes
  2 manticores
  The ghost of CougarLife the Caller, a novice MfSu of Hepliaklqana (D:6)
  2 moths of wrath
  4 black mambas
  3 elephants (Lair:5)
  A torpor snail (Spider:3)
  A kobold blastminer (Orc:2)
  4 cane toads
  2 ice statues (IceCv)
  An unseen horror (D:11)
  A gargoyle (D:11)
  A rime drake (Lair:5)
  Maggie (D:8)
  9 komodo dragons
  2 trolls
  2 tarantellas
  A polar bear (Lair:5)
  A blink frog (Lair:3)
  4 jumping spiders
  A snapping turtle (Lair:5)
  4 culicivoras
  2 wyverns
  11 slime creatures
  A wraith (D:11)
  21 yaks
  2 basilisks
  10 redbacks
  3 wargs (Orc:2)
  6 vampire mosquitoes
  A hydra simulacrum (Lair:4)
  2 great orb of eyes simulacra (IceCv)
  4 water moccasins
  6 orc warriors
  An ice beast (D:7)
  A laughing skull (D:14)
  6 ogres
  A wolf (Lair:4)
  5 centaurs
  10 kobold brigands (D:6)
  A scorpion (D:4)
  A wyvern zombie (D:6)
  A cane toad simulacrum (Lair:4)
  A glowing shapeshifter simulacrum (IceCv)
  A dream sheep simulacrum (Lair:4)
  16 killer bees
  A bombardier beetle (D:4)
  A hound (D:5)
  A jelly (Lair:4)
  4 orc priests
  A centaur skeleton (D:6)
  An iguana (D:5)
  8 orc wizards
  2 killer bee zombies (D:6)
  A howler monkey zombie (D:6)
  2 gnolls (D:8)
  An adder (D:4)
  7 orcs
  A bat (D:2)
  6 endoplasms
  A giant cockroach (D:1)
  A hobgoblin (D:3)
  A quokka (D:2)
  A ball python (D:1)
  2 frilled lizards (D:1)
  A kobold (D:2)
  A rat (D:3)
284 creatures vanquished.

Vanquished Creatures (collateral kills)
  Arachne (Spider:2)
  2 acid blobs (Slime:1)
  Gastronok (Lair:3)
  4 emperor scorpions (Spider:4)
  2 ghost moths
  A quicksilver ooze (Slime:1)
  3 broodmothers
  The ghost of gosagan the Convoker, a journeyman DESu of Sif Muna (Lair:5)
  A spark wasp (Spider:3)
  Azrael (D:13)
  4 entropy weavers
  A great orb of eyes (Slime:1)
  6 hydras
  2 jorogumos
  3 catoblepae
  3 radroaches (Spider:3)
  A merfolk avatar (Lair:5)
  2 tengu warriors
  9 death yaks
  An orc high priest (Orc:2)
  5 demonic crawlers
  Urug (Lair:3)
  A sea snake (Lair:5)
  Lodul (D:13)
  6 pharaoh ants
  15 orb spiders
  2 sun moths
  7 steelbarb worms
  2 deep elf pyromancers
  2 orc sorcerers (Orc:2)
  A manticore (D:13)
  2 orc knights (Orc:2)
  A shining eye (Slime:1)
  16 wolf spiders
  4 ugly things
  3 moths of wrath
  11 elephants (Lair:5)
  A meliai (Spider:3)
  A cyclops (D:14)
  A kobold blastminer (Orc:2)
  4 black mambas (Lair:5)
  A merfolk siren (Lair:3)
  6 cane toads
  A torpor snail (Spider:2)
  2 rime drakes
  An efreet (D:14)
  4 komodo dragons
  A queen bee (Lair:1)
  A wind drake (Lair:5)
  2 polar bears
  2 trolls
  23 blink frogs
  20 tarantellas
  6 dream sheep (Lair:5)
  A spectral dream sheep (Lair:4)
  15 culicivoras
  A spectral black mamba (Lair:4)
  Sigmund (D:3)
  24 jumping spiders
  A vampire (D:10)
  A shadow (D:13)
  24 slime creatures
  2 wraiths
  4 wyverns
  A basilisk (D:15)
  11 yaks
  2 steam dragons (Lair:5)
  3 fire elementals (D:13)
  A warg (Orc:2)
  34 redbacks
  3 vampire mosquitoes (D:12)
  4 hell hounds (D:13)
  4 water moccasins
  An ice beast (D:7)
  17 orc warriors
  8 ogres
  9 wolves
  3 centaurs
  A slime creature simulacrum (IceCv)
  4 phantoms
  14 bullfrogs
  2 kobold brigands
  A gnoll sergeant (D:8)
  A wyvern zombie (D:6)
  4 glowing shapeshifter simulacra (IceCv)
  3 scorpions
  A water moccasin skeleton (D:6)
  16 killer bees
  A howler monkey (D:7)
  A bullfrog zombie (D:6)
  6 jellies
  21 orc priests
  A bombardier beetle (D:5)
  5 centaur zombies (D:6)
  A sleepcap (D:6)
  2 bullfrog skeletons (D:6)
  2 gnoll boudas
  8 hounds
  3 iguanas
  20 orc wizards
  Ijyb (D:3)
  5 shapeshifter simulacra (IceCv)
  A killer bee zombie (D:6)
  Robin (D:3)
  A howler monkey zombie (D:6)
  7 adders
  11 gnolls
  A shadow imp (D:6)
  A white imp (D:7)
  A dart slug (D:4)
  4 ribbon worms
  50 orcs
  6 ball pythons
  2 bats (D:2)
  6 endoplasms
  A giant cockroach (D:2)
  11 goblins
  13 hobgoblins
  3 quokkas
  3 frilled lizards
  9 kobolds
  8 rats
645 creatures vanquished.

Vanquished Creatures (others)
  3 acid blobs
  3 azure jellies (Slime:1)
  6 emperor scorpions
  4 ghost moths
  3 broodmothers
  A quicksilver ooze (Slime:1)
  A formless jellyfish (Slime:1)
  A stone giant (D:13)
  4 spark wasps (Spider:3)
  An entropy weaver (Spider:4)
  A jorogumo (Spider:2)
  A catoblepas (D:14)
  A hydra (Lair:4)
  A vault guard (D:14)
  A centaur warrior (D:15)
  4 boulder beetles
  A radroach (Spider:3)
  A tengu warrior (D:15)
  A deep elf knight (D:15)
  2 pharaoh ants (Spider:3)
  A deep troll (D:13)
  An orb spider (Spider:3)
  A sun moth (Spider:4)
  4 steelbarb worms
  A deep elf pyromancer (D:14)
  7 wolf spiders
  3 ugly things
  2 meliai (Spider:3)
  A black mamba (shapeshifter) (D:13)
  A cane toad (Lair:2)
  2 torpor snails
  A polar bear (Lair:5)
  A hornet (D:13)
  13 tarantellas
  5 culicivoras
  3 jumping spiders (Spider:3)
  6 slime creatures
  A basilisk (D:15)
  2 wargs (Orc:2)
  8 redbacks
  A water moccasin (Lair:5)
  A hell hound (D:13)
  A laughing skull (D:14)
  A wolf (Lair:4)
  3 centaurs (D:15)
  An orc wizard (Orc:2)
  176 blazeheart cores
289 creatures vanquished.

Grand Total: 1218 creatures vanquished

Notes
Turn   | Place    | Note
-------+----------+-------------------------------------------
     0 | D:1      | croobank the Felid Summoner began the quest for the Orb.
     0 | D:1      | Reached XP level 1. HP: 9/9 MP: 4/4
   164 | D:1      | Reached XP level 2. HP: 13/13 MP: 4/6
   167 | D:1      | Learned a level 2 spell: Call Imp
  1041 | D:2      | Reached XP level 3. HP: 11/16 MP: 2/7
  1060 | D:2      | Learned a level 3 spell: Call Canine Familiar
  1849 | D:2      | Reached XP level 4. HP: 14/21 MP: 1/8
  1849 | D:2      | Gained a life (2 lives remaining)
  2089 | D:3      | Noticed Ijyb
  2098 | D:3      | Noticed Sigmund
  2111 | D:3      | Killed Sigmund
  2112 | D:3      | Reached XP level 5. HP: 16/24 MP: 4/10
  2455 | D:3      | Reached skill level 5 in Stealth
  2517 | D:3      | Found a burning altar of Makhleb.
  2970 | D:3      | Killed Ijyb
  2971 | D:3      | Reached skill level 5 in Summonings
  2971 | D:3      | Gained mutation: You are covered in thick fur. (AC +2)
                  | [Felid growth]
  2971 | D:3      | Reached XP level 6. HP: 28/28 MP: 5/12
  3257 | D:3      | Noticed Robin
  3338 | D:3      | Killed Robin
  3339 | D:3      | Reached skill level 5 in Dodging
  3654 | D:4      | Learned a level 4 spell: Summon Blazeheart Golem
  4274 | D:4      | Reached skill level 1 in Fire Magic
  4274 | D:4      | Reached XP level 7. HP: 16/32 MP: 9/13
  4297 | D:4      | Reached skill level 1 in Fighting
  4711 | D:4      | Learned a level 2 spell: Blink
  4768 | D:4      | Found a staircase to the Ecumenical Temple.
  4798 | Temple   | Entered the Ecumenical Temple
  5066 | D:5      | Entered Level 5 of the Dungeon
  5174 | D:5      | Found a glowing silver altar of Zin.
  5489 | D:5      | Reached XP level 8. HP: 28/39 MP: 9/15
  5794 | D:5      | Found a glowing golden altar of the Shining One.
  5814 | D:5      | Found a sparkling altar of Nemelex Xobeh.
  6371 | D:6      | Found a shimmering altar of Xom.
  6372 | D:6      | Found a shimmering altar of Xom.
  6550 | D:6      | Identified a scroll of acquirement
  6550 | D:6      | Acquired the amulet of the Elephant {Acrobat Will+ Regen+}
  6632 | D:6      | Reached XP level 9. HP: 44/44 MP: 5/17
  6737 | D:6      | Found a runed translucent gate.
  6737 | D:6      | Found a runed translucent gate.
  6738 | D:6      | Found a runed translucent gate.
  6740 | D:6      | Noticed CougarLife's ghost (novice MfSu)
  6785 | D:6      | Found an iron altar of Okawaru.
  7008 | D:6      | Reached skill level 5 in Spellcasting
  7279 | D:6      | Learned a level 4 spell: Summon Lightning Spire
  7292 | D:6      | Killed by an exploding cerulean imp... ignited by their
                  | inner flame
  7292 | D:6      | Lost a life (1 life remaining)
  7294 | D:6      | Reached skill level 5 in Fire Magic
  7303 | D:6      | Killed CougarLife's ghost
  7533 | D:7      | Found a blossoming altar of Fedhas.
  7765 | D:7      | Found an opulent altar of Gozag.
  8091 | D:7      | Found an ornate altar of the Wu Jian Council.
  8719 | D:8      | Reached XP level 10. HP: 51/51 MP: 3/19
  8719 | D:8      | Gained a life (2 lives remaining)
  8969 | D:8      | Found Xausaythriff's Book Shoppe.
  9090 | D:8      | Reached skill level 5 in Fighting
  9203 | D:8      | Found a shimmering blue altar of Sif Muna.
  9211 | D:8      | Found an ancient bone altar of Kikubaaqudgha.
  9220 | D:8      | Found a radiant altar of Vehumet.
  9235 | D:8      | Became a worshipper of Kikubaaqudgha
  9599 | D:8      | Noticed Maggie
  9609 | D:8      | Killed Maggie
  9610 | D:8      | Reached skill level 1 in Translocations
  9610 | D:8      | Reached skill level 1 in Air Magic
 10450 | D:9      | Reached * piety under Kikubaaqudgha
 10450 | D:9      | Received a gift from Kikubaaqudgha
 10577 | D:8      | Bought a book of Unlife for 504 gold pieces
 10582 | D:8      | Learned a level 4 spell: Animate Dead
 10715 | D:10     | Entered Level 10 of the Dungeon
 10715 | D:10     | Noticed a two-headed ogre
 10722 | D:10     | Killed a two-headed ogre
 10723 | D:10     | Reached skill level 1 in Necromancy
 10733 | D:10     | Reached skill level 10 in Stealth
 11288 | D:10     | Reached skill level 2 in Necromancy
 11324 | D:10     | Found Qoupael's Book Boutique.
 11606 | D:10     | Noticed a deep elf pyromancer
 11625 | D:10     | Killed a deep elf pyromancer
 11626 | D:10     | Reached XP level 11. HP: 41/56 MP: 14/21
 11914 | D:11     | Found a staircase to the Lair.
 11984 | D:11     | Noticed a two-headed ogre
 11995 | D:11     | Killed a two-headed ogre
 11996 | D:11     | Reached skill level 3 in Necromancy
 12270 | D:11     | Noticed a two-headed ogre
 12281 | D:11     | Killed a two-headed ogre
 12282 | D:11     | Reached skill level 10 in Dodging
 12475 | D:11     | Found a staircase to the Orcish Mines.
 12923 | D:12     | Identified the +3 dagger "Orb Guardian's Regret" {flame,
                  | *Rage rF+ Will+}
 13030 | D:12     | Reached ** piety under Kikubaaqudgha
 13073 | D:12     | Reached skill level 4 in Necromancy
 13136 | Lair:1   | Entered Level 1 of the Lair of Beasts
 13162 | Lair:1   | Reached skill level 5 in Air Magic
 13859 | Lair:1   | Reached skill level 5 in Necromancy
 14682 | Lair:1   | Noticed Harold
 14693 | Lair:1   | Killed Harold
 14778 | Lair:1   | Gained mutation: Your thick and shaggy fur keeps you warm.
                  | (AC +3, rC+) [Felid growth]
 14778 | Lair:1   | Reached XP level 12. HP: 63/63 MP: 15/24
 15192 | Lair:2   | Reached skill level 6 in Necromancy
 15246 | Lair:2   | Found a frozen archway.
 15255 | IceCv    | Entered an ice cave
 15649 | IceCv    | Reached *** piety under Kikubaaqudgha
 15649 | IceCv    | Received a gift from Kikubaaqudgha
 16275 | IceCv    | Noticed an azure jelly
 16290 | IceCv    | Killed an azure jelly
 16327 | IceCv    | Reached skill level 7 in Necromancy
 16332 | IceCv    | Engulfed by a cloud of flame
 16332 | IceCv    | Lost a life (1 life remaining)
 16862 | IceCv    | Noticed an azure jelly
 16868 | IceCv    | Killed an azure jelly
 16937 | IceCv    | Found a viscous altar of Jiyva.
 16958 | IceCv    | Got the ring "Voker" {Ice Will+ Str+4 Int-5}
 17056 | Lair:2   | Reached skill level 8 in Necromancy
 17171 | Lair:2   | Noticed an eight-headed hydra
 17177 | Lair:2   | Found a hole to the Spider Nest.
 17182 | Lair:2   | Killed an eight-headed hydra
 17183 | Lair:2   | Reached skill level 10 in Summonings
 17197 | Lair:2   | Learned a level 6 spell: Death Channel
 17514 | Lair:3   | Noticed Gastronok
 17517 | Lair:3   | Noticed a death yak
 17524 | Lair:3   | Killed Gastronok
 17524 | Lair:3   | Noticed a death yak
 17525 | Lair:3   | Reached skill level 9 in Necromancy
 17525 | Lair:3   | Reached XP level 13. HP: 68/68 MP: 10/26
 17525 | Lair:3   | Gained a life (2 lives remaining)
 17538 | Lair:3   | Reached skill level 10 in Necromancy
 17538 | Lair:3   | Reached **** piety under Kikubaaqudgha
 17632 | Lair:3   | Reached skill level 11 in Necromancy
 17779 | Lair:3   | Noticed Urug
 17791 | Lair:3   | Killed Urug
 18330 | Lair:3   | Reached skill level 12 in Necromancy
 18633 | Lair:3   | Found a staircase to the Shoals.
 18660 | Lair:3   | Found the +7 great mace "Firestarter" {flame, immolate,
                  | rFlCloud rF++}
 19119 | Lair:4   | Found a runed translucent gate.
 19119 | Lair:4   | Found a runed translucent gate.
 19119 | Lair:4   | Found a runed translucent gate.
 19119 | Lair:4   | Noticed Bravepunisher's ghost (journeyman SpMo)
 19140 | Lair:4   | Reached skill level 13 in Necromancy
 19700 | Lair:4   | Found a staircase to the Slime Pits.
 19853 | Lair:4   | You fall into a shaft and drop 1 floor!
 19853 | Lair:5   | Entered Level 5 of the Lair of Beasts
 20453 | Lair:4   | Killed Bravepunisher's ghost
 20454 | Lair:4   | Reached skill level 14 in Necromancy
 20454 | Lair:4   | Reached XP level 14. HP: 54/73 MP: 4/27
 20657 | Lair:5   | Reached ***** piety under Kikubaaqudgha
 20658 | Lair:5   | Found a blossoming altar of Fedhas.
 20708 | Lair:5   | Reached skill level 15 in Necromancy
 21234 | Lair:5   | Found a runed translucent gate.
 21235 | Lair:5   | Found a runed translucent gate.
 21239 | Lair:5   | Found a runed translucent gate.
 21239 | Lair:5   | Noticed gosagan's ghost (journeyman DESu)
 21258 | Lair:5   | Reached skill level 16 in Necromancy
 21960 | Lair:5   | Reached skill level 17 in Necromancy
 22024 | Lair:5   | Identified the ring "Ontohow" {rF- Str+4 Int+3 SInv}
 23062 | Orc:1    | Entered Level 1 of the Orcish Mines
 23510 | Orc:2    | Entered Level 2 of the Orcish Mines
 23903 | Orc:2    | Noticed an orc warlord
 23906 | Orc:2    | Reached XP level 15. HP: 44/77 MP: 1/28
 24488 | Orc:2    | Reached skill level 18 in Necromancy
 24799 | Orc:2    | Found a roughly hewn altar of Beogh.
 24805 | Orc:2    | Found Wyomunt's General Store.
 24814 | Orc:2    | Found Tolydich's Antique Armour Shoppe.
 24841 | Orc:2    | Found Yfido's Book Shoppe.
 25065 | Orc:2    | Found Kosos's Antique Weapon Shoppe.
 25235 | Orc:2    | Bought a book of Dreams for 312 gold pieces
 25240 | Orc:2    | Learned a level 4 spell: Anguish
 25331 | Orc:2    | Bought a potion of heal wounds for 75 gold pieces
 25331 | Orc:2    | Bought a condenser vane for 600 gold pieces
 25366 | Orc:2    | Reached ****** piety under Kikubaaqudgha
 25601 | Orc:2    | Found a staircase to the Elven Halls.
 25886 | D:12     | Reached skill level 1 in Hexes
 26267 | D:12     | Received a gift from Kikubaaqudgha (forbidden knowledge)
 26528 | D:13     | Reached XP level 16. HP: 83/83 MP: 0/29
 27107 | D:13     | Noticed Azrael
 27131 | D:13     | Killed Azrael
 27563 | D:13     | Noticed Lodul
 27575 | D:13     | Killed Lodul
 27965 | D:13     | Reached skill level 5 in Hexes
 28783 | D:14     | Found a gate to the Vaults.
 28877 | D:14     | Reached skill level 19 in Necromancy
 30173 | D:14     | Noticed Snorg
 30179 | D:14     | Killed Snorg
 30483 | D:15     | Entered Level 15 of the Dungeon
 31147 | D:15     | Found a runed translucent gate.
 31147 | D:15     | Found a runed translucent gate.
 31148 | D:15     | Found a runed translucent gate.
 31149 | D:15     | Noticed yleetSyT's ghost (adept NaBr)
 31170 | D:15     | Noticed Rupert
 31184 | D:15     | Killed Rupert
 31829 | D:15     | Reached skill level 10 in Fighting
 32050 | D:15     | Found a staircase to the Depths.
 32549 | Lair:5   | Reached skill level 10 in Spellcasting
 32587 | Lair:5   | Killed gosagan's ghost
 32823 | Spider:1 | Entered Level 1 of the Spider Nest
 32898 | Spider:1 | Reached XP level 17. HP: 89/89 MP: 17/32
 34476 | Spider:2 | Noticed Arachne
 34489 | Spider:2 | Killed Arachne
 34817 | Spider:2 | Learned a level 8 spell: Infestation
 36265 | Spider:2 | Blown up by an orb spider
 36265 | Spider:2 | Lost a life (1 life remaining)
 36773 | Spider:3 | Reached skill level 20 in Necromancy
 36894 | Spider:3 | Slain by a torpor snail
 36894 | Spider:3 | Lost a life (0 lives remaining)
 37176 | Spider:3 | Noticed Bai Suzhen
 37252 | Spider:3 | Killed Bai Suzhen
 37916 | Spider:3 | Identified the +4 ring mail of the Hungering Gods {rF+}
 38296 | Spider:4 | Entered Level 4 of the Spider Nest
 38552 | Spider:4 | Reached XP level 18. HP: 93/93 MP: 4/35
 38552 | Spider:4 | Gained a life (1 life remaining)
 38795 | Spider:4 | Reached skill level 21 in Necromancy
 38941 | Spider:4 | Got a gossamer rune of Zot
 39465 | Spider:4 | Succumbed to a redback's poison
 39465 | Spider:4 | Lost a life (0 lives remaining)
 40053 | Slime:1  | Entered Level 1 of the Pits of Slime
 40198 | Slime:2  | HP: 4/93 [azure jelly (6)]
 40198 | Slime:2  | Slain by an azure jelly

Illustrated notes

Levels and vault maps discovered:
D:1:      dpeg_arrival_prison, layout_basic
D:2:      layout_rooms, minmay_ruptured
D:3:      layout_basic, mainiacjoe_overflow_concentric_impassable,
          minmay_checkerbox, uniq_ijyb, uniq_sigmund, uniq_robin
D:4:      layout_layer_cave, minmay_temple_entry_butterflies,
          minmay_joined_circles
D:5:      layout_cave_pools, mainiacjoe_overflow_boulevard,
          jmf_multi_god_temple2
D:6:      layout_basic, xom_redecorated, okawaru_metal_pillars_1_2,
          serial_undead, serial_undead_b, serial_undead_a, serial_undead_f,
          serial_undead_d, serial_undead_f, serial_undead_b, serial_undead_d,
          serial_undead_d, gammafunk_ghost_nasty_kobolds
D:7:      layout_cave_pods, mainiacjoe_overflow_alcove_2,
          nzn_wu_jian_council_hall, kennysheep_mini
D:8:      layout_gridville, palyth_temple_overflow_mages, serial_shops,
          nicolae_shop_behind_doors, uniq_maggie
D:9:      layout_loops_ring, amethyst_overflow_temple_binary, minivault_23
D:10:     layout_roguey, serial_shops, shop, guppyfry_early_elven_hall
D:11:     layout_loops_ring, david_lair_shrubbed
D:12:     layout_loops_ring
D:13:     layout_long_grid, uniq_azrael, uniq_lodul
D:14:     layout_roguey, lightli_vaults_fourway_checkpoint,
          minmay_strange_pillars, uniq_snorg
D:15:     grunt_enter_depths_snipers, layout_gridville, nrook_mini_backslash,
          gammafunk_ghost_tricky_traps, uniq_rupert
Temple:   corrupted_temple
Lair:1:   layout_roguey [special_room_bee], grunt_megastairs_1, uniq_harold
Lair:2:   layout_big_grid, dummy_spider_entry, gauntlet_entry_generic,
          portal_ice_cave_entry_pillars_1, chequers_serial_rivers_micro_a,
          nicolae_quartered_pool_little
Lair:3:   layout_regular_city, elwin_shoals_entry_rooms, serial_forest,
          infiniplex_forest_clump_diagonal, infiniplex_forest_clump_small,
          infiniplex_forest_end_2, infiniplex_forest_end_1,
          infiniplex_forest_clump_large, infiniplex_forest_straight_2,
          infiniplex_forest_split, uniq_gastronok, uniq_urug
Lair:4:   layout_regular_city, nicolae_slime_entry_slimehenge,
          gammafunk_ghost_necromancy, infiniplex_staircase_pool
Lair:5:   gammafunk_lair_ancient_temple, layout_cave_shapes, basic_altar,
          maelrawn_ghost_gauntlet_escape, minmay_shattered_shrine
Spider:1: layout_chambers
Spider:2: layout_spider_delve, uniq_arachne
Spider:3: layout_chambers, nicolae_spider_nook,
          hangedman_spider_tarantella_strand, uniq_bai_suzhen
Spider:4: guppyfry_spider_rune
Slime:1:  layout_caves
Slime:2:  layout_caves
Orc:1:    layout_caves, minmay_orc_keep
Orc:2:    grunt_orc_cross, layout_caves

Skill      XL: |  1  2  3  4  5  6  7  8  9 10 11 12 13 14 15 16 17 18 |
---------------+-------------------------------------------------------+-----
Dodging        | 3 4 5 6 7 8 9 10 | 10.0
Stealth        | 3 4 5 6 7 9 10 | 10.0
Spellcasting   | 3 4 5 6 7 8 10 12 | 12.0
Summonings     | 5 6 7 8 9 10 11 13 14 | 14.0
Fire Magic     | 1 2 4 5 |  5.0
Fighting       | 2 3 4 5 7 8 10 | 10.0
Translocations | 3 |  3.0
Air Magic      | 3 6 7 |  7.0
Necromancy     | 2 5 9 14 17 18 19 20 21 | 21.8
Hexes          | 3 5 |  5.0

Action                     |  1- 3 |  4- 6 |  7- 9 | 10-12 | 13-15 | 16-18 || total
---------------------------+-------+-------+-------+-------+-------+-------++-------
  Melee: Unarmed           |    21 |    41 |    33 |   109 |    87 |    99 ||   390
         Bite              |     1 |     6 |     7 |    19 |    16 |    17 ||    66
         Punch             |       |     2 |     1 |       |     2 |     4 ||     9
   Cast: Summon Small Mamm |    26 |    26 |    60 |    23 |       |       ||   135
         Call Imp          |    14 |    12 |    33 |    29 |     5 |     2 ||    95
         Call Canine Famil |     4 |    11 |    24 |    35 |    13 |    10 ||    97
         Summon Blazeheart |       |     2 |    13 |    80 |    81 |    95 ||   271
         Summon Lightning  |       |       |     4 |    32 |    51 |    42 ||   129
         Animate Dead      |       |       |       |     9 |    39 |    45 ||    93
         Death Channel     |       |       |       |     2 |    40 |    45 ||    87
         Blink             |       |       |       |     1 |       |     5 ||     6
         Anguish           |       |       |       |       |     6 |    92 ||    98
         Infestation       |       |       |       |       |       |     4 ||     4
 Invoke: Unearth Wretches  |       |       |       |     1 |     3 |    23 ||    27
         Receive Forbidden |       |       |       |       |     1 |       ||     1
  Evoke: Wand              |       |     1 |       |    11 |    10 |    13 ||    35
         Condenser vane    |       |       |       |       |       |     1 ||     1
    Use: Scroll            |     5 |     4 |     7 |    16 |     7 |     6 ||    45
         Potion            |       |       |       |     8 |     5 |    15 ||    28
   Stab: Distracted        |     1 |       |     4 |     4 |     2 |     5 ||    16
         Sleeping          |     2 |     6 |     2 |     6 |       |     1 ||    17
         Paralysed         |       |       |       |     1 |     3 |    23 ||    27
         Petrified         |       |       |       |       |     2 |       ||     2
         Invisible         |       |       |       |       |     1 |       ||     1
 Armour: Skin              |    10 |    20 |    26 |    88 |   104 |   181 ||   429
  Dodge: Dodged            |    37 |    55 |    72 |   296 |   307 |   462 ||  1229

Table legend: (Time is in decaauts)
 A = Elapsed time spent in this place.
 B = Non-inter-level travel time spent in this place.
 C = Inter-level travel time spent in this place.
 D = Time resting spent in this place.
 E = Time spent auto-exploring this place.
 F = Levels seen in this place.
 G = Mean time per level.
                   A        B        C        D        E       F      G
               +--------+--------+--------+--------+--------+-----+--------+
         Total |  40300 |  38430 |   1870 |   8877 |  19876 |  30 | 1343.3 |
       Dungeon |  19831 |  18842 |    989 |   3119 |  12039 |  15 | 1322.1 |
        Temple |     27 |     10 |     17 |      0 |      0 |   1 |   27.0 |
          Lair |   8652 |   8093 |    559 |   1854 |   3721 |   5 | 1730.4 |
   Spider Nest |   7176 |   6938 |    238 |   2044 |   2824 |   4 | 1794.0 |
    Slime Pits |    144 |    144 |      0 |      0 |      0 |   2 |   72.0 |
  Orcish Mines |   2684 |   2618 |     66 |    829 |   1076 |   2 | 1342.0 |
      Ice Cave |   1783 |   1783 |      0 |   1031 |    215 |   1 | 1783.0 |
               +--------+--------+--------+--------+--------+-----+--------+

Top non-repeatable levels by time:
  Lair:5: 2602 daAuts
Spider:3: 2255 daAuts
    D:14: 2140 daAuts
  Lair:1: 1946 daAuts
    D:13: 1908 daAuts
Spider:1: 1903 daAuts
Spider:2: 1849 daAuts
    D:15: 1829 daAuts
   IceCv: 1783 daAuts
  Lair:3: 1664 daAuts
  Lair:4: 1625 daAuts
   Orc:2: 1511 daAuts
     D:3: 1502 daAuts
     D:4: 1463 daAuts
     D:6: 1412 daAuts
